 Dungeon Crawl Stone Soup version 0.30.1-10-g1249ef9ec4 (webtiles) character file.

Game seed: 15452979679740050398

1129 monsoonserge the Skirmisher (level 8, -15/40 HPs)
             Began as a Spriggan Hunter on Oct 27, 2023.
             Killed from afar by Maggie (33 damage)
             ... with a bolt of fire
             ... on level 6 of the Dungeon.
             The game lasted 00:12:26 (4913 turns).

monsoonserge the Skirmisher (Spriggan Hunter)       Turns: 4913, Time: 00:12:27

Health: -15/40     AC:  2    Str:  7    XL:     8   Next: 13%
Magic:  9/9        EV: 19    Int: 10    God:
Gold:   279        SH:  0    Dex: 21    Spells: 7/7 levels left

rFire   . . .        a - +0 shortbow
rCold   . . .        (shield currently unavailable)
rNeg    . . .        c - +0 robe
rPois   +            (helmet restricted)
rElec   .            (no cloak)
rCorr   .            (gloves unavailable)
SInv    +            (boots unavailable)
Will    +....        (no amulet)
Stlth   +++          q - ring of poison resistance
HPRegen 0.26/turn    (no ring)
MPRegen 0.11/turn

%: no passive effects
@: very quick
A: very small, no large weapons, unfitting armour, see invisible, speed 3
a: no special abilities


You were on level 6 of the Dungeon.
You visited 1 branch of the dungeon, and saw 6 of its levels.

You collected 299 gold pieces.
You spent 20 gold pieces at shops.

Inventory:

Hand Weapons
 a - a +0 shortbow (weapon)
Missiles
 j - 4 poisoned darts
Armour
 c - a +0 robe (worn)
Jewellery
 q - a ring of poison resistance (left hand)
Scrolls
 b - a scroll of immolation
 g - 2 scrolls of enchant armour {unknown}
 h - a scroll of magic mapping {unknown}
 k - 7 scrolls of identify {unknown}
 m - a scroll of fear {unknown}
 o - a scroll of fog {unknown}
 t - a scroll of teleportation {unknown}
Potions
 d - a potion of curing {unknown}
 e - 2 potions of mutation {unknown}
 f - 2 potions of flight {unknown}
 i - 4 potions of might {unknown}
 l - a potion of attraction {unknown}
 n - 2 potions of brilliance {unknown}
 p - a potion of cancellation {unknown}
 r - 2 potions of haste {unknown}
 s - a potion of magic {unknown}


   Skills:
 + Level 3.4 Fighting
 + Level 9.5 Ranged Weapons
 + Level 3.5 Dodging
 + Level 2.7 Stealth


You had 7 spell levels left.
You didn't know any spells.
Your spell library was empty.

Dungeon Overview and Level Annotations

Branches:
Dungeon (6/15)
 Temple: D:4-7

Altars:
Trog
Uskayaw

Shops:
D:1 (   D:2 :   D:3 *

Annotations:
D:2 1 runed translucent door, Crazy Yiuf
D:6 Maggie


Innate Abilities, Weirdness & Mutations

You are very small and have problems with some larger weapons.
You are too small for most types of armour.
You have supernaturally acute eyesight. (SInv)
You cover ground extremely quickly. (Speed+++)


Message History

You are mesmerised by Maggie!
You shoot an arrow. The arrow closely misses Maggie.
Maggie gestures wildly while chanting.
Maggie draws you further into her thrall.
You shoot an arrow. The arrow hits Maggie.
Maggie is heavily wounded.
You cannot move away from Maggie!
You shoot an arrow.
The arrow hits Maggie but does no damage.
Maggie is heavily wounded.
You shoot an arrow.
The arrow hits Maggie but does no damage.
Maggie is heavily wounded.
Maggie hits you from afar with a +0 glaive of distortion.
You blink.
No target in view!
You cannot move away from something!
You break out of your daze!
You shoot an arrow. The arrow barely misses Maggie.
You shoot an arrow. The arrow hits Maggie.
Maggie is heavily wounded.
You shoot an arrow. The arrow barely misses Maggie.
Maggie points at you and mumbles some strange words.
The bolt of fire hits you!!
You are too injured to fight recklessly!
You are too injured to fight recklessly!
Fire: a) +0 shortbow
Press: ? - help, Q - select action, (/) - cycle Shift-Dir - straight line, f/p - Maggie
Aim: Maggie, wielding a +0 glaive of distortion and wearing +0 steam dragon scales (heavily wounded, 67% to hit)
You shoot an arrow. The arrow hits Maggie!
Maggie is severely wounded.
Fire: a) +0 shortbow
Press: ? - help, Q - select action, (/) - cycle Shift-Dir - straight line, f/p - Maggie
Aim: Maggie, wielding a +0 glaive of distortion and wearing +0 steam dragon scales (severely wounded, 67% to hit)
You shoot an arrow. The arrow closely misses Maggie.
Maggie says, "Fear not.
I will immortalize you in the tale of my first kill."
Maggie points at you and mumbles some strange words.
The bolt of fire hits you!!
Ouch! That really hurt!
You die...

...# #..##......# ##.....
....###..#.......# ####......
......#.#........####....###..
.................##...#### ###
....................#...### # .
......#...........##......## .#
#....##.........####.......## ..
##.> #.........## #.........##
..##.. ##.......@.# #..........#
.....###..........####...........
....#..............##............
...........##...#..####.........#
........##########@.# ###########
.#....### ##.## #†.#### #..# #†##
##..# #.# #.#


You could see Maggie.

Vanquished Creatures
  A water moccasin (D:5)
  An ogre (D:4)
  A phantom (D:6)
  Blork the orc (D:4)
  3 scorpions
  2 bullfrogs (D:6)
  A howler monkey (D:6)
  A hound (D:5)
  2 orc priests
  2 iguanas
  An orc wizard (D:4)
  Terence (D:2)
  11 adders
  7 gnolls
  An ufetubus (D:5)
  A worm (D:3)
  3 dart slugs
  10 orcs
  5 bats
  9 endoplasms
  2 giant cockroaches
  11 goblins
  5 hobgoblins
  2 jackals (D:1)
  5 kobolds
  A quokka (D:2)
  5 ball pythons
  6 frilled lizards
  3 rats
104 creatures vanquished.

Notes
Turn   | Place    | Note
-------+----------+-------------------------------------------
     0 | D:1      | monsoonserge the Spriggan Hunter began the quest for the
                  | Orb.
     0 | D:1      | Reached XP level 1. HP: 10/10 MP: 2/2
   141 | D:1      | Reached XP level 2. HP: 15/15 MP: 3/3
   339 | D:1      | Found Ciyluaz's Antique Weapon Shop.
   392 | D:1      | Reached XP level 3. HP: 18/18 MP: 4/4
   642 | D:2      | Noticed Terence
   642 | D:2      | Found a faded altar of an unknown god.
   723 | D:2      | Killed Terence
   724 | D:2      | Reached skill level 5 in Ranged Weapons
   904 | D:2      | Reached XP level 4. HP: 17/23 MP: 5/5
   972 | D:2      | Found Kaob Caa's Book Emporium.
  1498 | D:2      | Found a runed translucent door.
  1499 | D:2      | Noticed Crazy Yiuf
  1596 | D:2      | Identified the +1 dagger of Linearity {flame, Drain rPois
                  | rF- rCorr}
  1766 | D:3      | Reached XP level 5. HP: 26/26 MP: 6/6
  1958 | D:3      | Reached skill level 6 in Ranged Weapons
  2310 | D:3      | Found Byirph's Assorted Antiques.
  2318 | D:3      | Bought a scroll labelled OSMOSTADUY for 20 gold pieces
  2801 | D:4      | Noticed Blork the orc
  2816 | D:4      | Killed Blork the orc
  2817 | D:4      | Reached XP level 6. HP: 32/32 MP: 7/7
  2854 | D:4      | Reached skill level 7 in Ranged Weapons
  2895 | D:4      | Found a bloodstained altar of Trog.
  3424 | D:5      | Entered Level 5 of the Dungeon
  3482 | D:5      | Noticed a water moccasin
  3610 | D:5      | Reached XP level 7. HP: 35/35 MP: 8/8
  3768 | D:5      | Reached skill level 8 in Ranged Weapons
  4072 | D:5      | Found a hide-covered altar of Uskayaw.
  4544 | D:6      | Reached skill level 9 in Ranged Weapons
  4579 | D:6      | Reached XP level 8. HP: 36/40 MP: 9/9
  4899 | D:6      | Noticed Maggie
  4913 | D:6      | Killed from afar by Maggie

Illustrated notes

Levels and vault maps discovered:
D:1:      evilmike_arrival_hilbert_curve, layout_basic, serial_shops, shop
D:2:      layout_basic, serial_shops, nicolae_shop_just_a_little_nook,
          nicolae_ecumenical_pavilion, chequers_serial_rivers_micro_c,
          uniq_terence, uniq_crazy_yiuf_cottage
D:3:      layout_basic, serial_shops, nicolae_shop_behind_doors, hex_large,
          nicolae_underground_beach
D:4:      layout_basic, trog_book, uniq_blork_the_orc
D:5:      layout_loops_cross, mainiacjoe_overflow_six_doors_small
D:6:      layout_cave_pods, uniq_edmund, uniq_sigmund, uniq_maggie

Skill      XL: |  1  2  3  4  5  6  7 |
---------------+----------------------+-----
Fighting       | 2 3 |  3.4
Ranged Weapons | 5 6 7 9 |  9.5
Dodging        | 3 |  3.5
Stealth        | 2 |  2.7

Action                     |  1- 3 |  4- 6 |  7- 9 || total
---------------------------+-------+-------+-------++-------
   Fire: Shortbow          |   118 |   168 |   122 ||   408
 Armour: Robe              |     7 |     6 |       ||    13
  Dodge: Dodged            |    50 |    45 |    39 ||   134
